[Event "Titled Tuesday Blitz August 08 Late 2023"]
[White "Mazibuko, Khanya"]
[Black "Yang, Kevin"]
[WhiteFideId "14321041"]
[BlackFideId "30908485"]
[WhiteElo "2343"]
[BlackElo "2493"]
[Result "0-1"]
[Round "4"]
[TimeControl "180+1"]
[Date "2023.08.08"]
[WhiteClock "0:00:05"]
[BlackClock "0:00:06"]
[Board "127"]

1. e4 e6 2. d4 a6 3. f4 d5 4. e5 h5 5. Nf3 c5 6. c3 Nc6 7. Be3 Qb6 8. Qb3 Qxb3 9. axb3 cxd4 10. Nxd4 Nge7 11. Nb5 Kd7 12. Nd6 f6 13. Nxc8 Rxc8 14. exf6 gxf6 15. b4 d4 16. Bf2 Nd5 17. b5 axb5 18. Bxb5 dxc3 19. Nxc3 Bb4 20. O-O Bxc3 21. bxc3 Nxc3 22. Bd3 Ra8 23. Bg6 Ne2+ 24. Kh1 Rxa1 25. Rxa1 Nxf4 26. Rd1+ Kc8 27. Be4 Rd8 28. Ra1 f5 29. Bb6 Rd6 30. Bf3 e5 31. g3 e4 32. Bd1 Nd5 33. Bc5 Rh6 34. Bf8 Rh7 35. Bd6 Kd7 36. Bc5 Ke6 37. Rb1 Nc3 38. Bb3+ Ke5 39. Rc1 Ne2 40. Rd1 Ned4 41. Ba4 h4 42. Kg2 hxg3 43. hxg3 Rg7 44. Bxc6 Nxc6 45. Bd6+ Ke6 46. Bf4 Rd7 47. Rb1 Nd4 48. Rb6+ Nc6 49. Rb5 Kf6 50. Rb1 Kg6 51. Rh1 Nd4 52. Rh6+ Kg7 53. Rb6 Kf7 54. Be5 Ne6 55. Kh3 Rd5 56. Bf4 Nxf4+ 57. gxf4 Rd3+ 58. Kh4 e3 59. Kg5 e2 60. Rxb7+ Ke8 61. Rb6 Re3 62. Rf6 e1=Q 63. Rxf5 Kd7 64. Rf6 Qg3+ 65. Kf5 Qh3+ 66. Kg6 Rg3+ 67. Kf7 Qh7+ 68. Kf8 Rg8# 0-1


[Site "https://www.chess.com"]

[Event "Titled Tuesday Blitz August 08 Late 2023"]
[White "ciroreva-CB"]
[Black "Womacka, Mathias"]
[BlackFideId "4611390"]
[WhiteElo "2335"]
[BlackElo "2492"]
[Result "1-0"]
[Round "4"]
[TimeControl "180+1"]
[Date "2023.08.08"]
[WhiteClock "0:01:48"]
[BlackClock "0:00:28"]
[Board "128"]

1. e4 c5 2. Nf3 d6 3. c3 Nf6 4. h3 g6 5. Bd3 Bg7 6. O-O O-O 7. Bc2 e5 8. d4 exd4 9. cxd4 Nc6 10. Nc3 cxd4 11. Nxd4 Nxe4 12. Nxc6 Nxc3 13. Nxd8 Nxd1 14. Nxf7 Nxb2 15. Nxd6 Be6 16. Rb1 Nc4 17. Bb3 Nxd6 18. Bxe6+ Kh8 19. Ba3 Rfd8 20. Rfd1 Ne4 21. Rxd8+ Rxd8 22. Rxb7 Bd4 23. Bb2 Nc5 24. Rb8 Nxe6 25. Rxd8+ Nxd8 26. Bxd4+ Kg8 27. Bxa7 Kf7 28. Kf1 Ke6 29. Ke2 Kd5 30. Kd3 Nc6 31. Be3 Nb4+ 32. Kc3 Nxa2+ 33. Kb3 Ke4 34. Kxa2 Kd3 35. Kb3 Ke2 36. g4 Kf3 37. Kc4 h5 38. gxh5 gxh5 39. h4 Kg4 40. Bg5 Kf3 41. Kd5 Kxf2 42. Ke6 Kf3 43. Kf6 Kg4 44. Kg6 1-0


[Site "https://www.chess.com"]

[Event "Titled Tuesday Blitz August 08 Late 2023"]
[White "Vasques, Antonio Pedro Freixial"]
[Black "Hansen, Torbjorn Ringdal"]
[WhiteFideId "1908332"]
[BlackFideId "1501720"]
[WhiteElo "2335"]
[BlackElo "2492"]
[Result "0-1"]
[Round "4"]
[TimeControl "180+1"]
[Date "2023.08.08"]
[WhiteClock "0:00:17"]
[BlackClock "0:01:18"]
[Board "129"]

1. e4 c5 2. Nc3 e6 3. Nf3 Nc6 4. d4 cxd4 5. Nxd4 Nf6 6. Ndb5 d6 7. Bf4 e5 8. Bg5 a6 9. Na3 b5 10. Nd5 Be7 11. Bxf6 Bxf6 12. c4 b4 13. Nc2 O-O 14. b3 Be6 15. h4 Bxd5 16. Qxd5 Nd4 17. Nxd4 exd4 18. g3 Re8 19. f4 Rc8 20. Bd3 Rc5 21. Qb7 Re7 22. Qxa6 Qb8 23. e5 dxe5 24. fxe5 0-1


[Site "https://www.chess.com"]

[Event "Titled Tuesday Blitz August 08 Late 2023"]
[White "Sebag, Marie"]
[Black "crosky"]
[WhiteFideId "617822"]
[WhiteElo "2490"]
[BlackElo "2330"]
[Result "1-0"]
[Round "4"]
[TimeControl "180+1"]
[Date "2023.08.08"]
[WhiteClock "0:00:37"]
[BlackClock "0:00:31"]
[Board "130"]

1. d4 Nf6 2. c4 e6 3. Nc3 Bb4 4. e3 O-O 5. Bd3 d5 6. Ne2 dxc4 7. Bxc4 c5 8. O-O cxd4 9. exd4 Nbd7 10. Bg5 Be7 11. Rc1 Nb6 12. Bb3 Bd7 13. Qd3 Bc6 14. Bc2 g6 15. Rfe1 Nfd5 16. Bh6 Re8 17. Ng3 Nxc3 18. bxc3 Qd5 19. f3 Bb5 20. Qe3 Nc4 21. Qf4 Rac8 22. Ne4 f5 23. Ng5 Bd6 24. Qh4 Rc7 25. Bb3 a5 26. a4 Bd7 27. Bg7 h5 28. Bh6 Bf8 29. Bxf8 Rxf8 30. Nh3 Kg7 31. Nf4 Qd6 32. Qg5 Rf6 33. Nxh5+ 1-0


[Site "https://www.chess.com"]

[Event "Titled Tuesday Blitz August 08 Late 2023"]
[White "Shapiro, Daniel"]
[Black "Reprintsev, Alexander"]
[WhiteFideId "2001780"]
[BlackFideId "14100541"]
[WhiteElo "2329"]
[BlackElo "2490"]
[Result "0-1"]
[Round "4"]
[TimeControl "180+1"]
[Date "2023.08.08"]
[WhiteClock "0:00:00"]
[BlackClock "0:00:06"]
[Board "131"]

1. d4 d5 2. Nf3 Nc6 3. Bf4 Bg4 4. Nbd2 e6 5. e3 Bd6 6. c3 Nf6 7. h3 Bxf4 8. hxg4 Bd6 9. g5 Ne4 10. Nxe4 dxe4 11. Nd2 Qxg5 12. Nxe4 Qe7 13. Bb5 f5 14. Nd2 O-O 15. Qh5 h6 16. O-O-O Nd8 17. f4 Nf7 18. Nf3 c6 19. Bc4 b5 20. Bb3 a5 21. Ne5 Bxe5 22. dxe5 a4 23. Bc2 b4 24. Rd3 b3 25. Bb1 bxa2 26. Bxa2 a3 27. b4 c5 28. b5 c4 29. Bxc4 Rfc8 30. Ba2 Qb4 31. Qe2 Rxc3+ 32. Rxc3 Qxc3+ 33. Kb1 Rb8 34. Rc1 Qb4+ 35. Ka1 Rxb5 36. g4 Qb2+ 0-1


[Site "https://www.chess.com"]

[Event "Titled Tuesday Blitz August 08 Late 2023"]
[White "Jovic, Stanoje"]
[Black "Skaric, Djuro"]
[WhiteFideId "905020"]
[BlackFideId "934569"]
[WhiteElo "2489"]
[BlackElo "2326"]
[Result "1-0"]
[Round "4"]
[TimeControl "180+1"]
[Date "2023.08.08"]
[WhiteClock "0:00:53"]
[BlackClock "0:00:19"]
[Board "132"]

1. c4 d6 2. g3 g6 3. Bg2 Bg7 4. Nf3 Nf6 5. Nc3 O-O 6. O-O Nc6 7. d3 e5 8. Rb1 a5 9. a3 h6 10. b4 axb4 11. axb4 Nd7 12. e4 Nd4 13. Nxd4 exd4 14. Ne2 c5 15. bxc5 dxc5 16. f4 Qc7 17. e5 Ra2 18. Rf2 b6 19. Qb3 Ra7 20. h3 Bb7 21. Bd5 Kh7 22. g4 Bc6 23. Ng3 Rfa8 24. Ne4 Ba4 25. Qb2 Rf8 26. Nd6 g5 27. Nxf7 gxf4 28. e6 Nf6 29. Bxf4 Qc8 30. Qxb6 Raxf7 31. exf7 Nxg4 32. hxg4 Qxg4+ 33. Rg2 Qh5 34. Be4+ Kh8 35. Qg6 Qxg6 36. Bxg6 Bc6 37. Re2 1-0


[Site "https://www.chess.com"]

[Event "Titled Tuesday Blitz August 08 Late 2023"]
[White "Sadilek, Peter"]
[Black "Stachanczyk, Jacek"]
[WhiteFideId "1616439"]
[BlackFideId "1116657"]
[WhiteElo "2480"]
[BlackElo "2326"]
[Result "1-0"]
[Round "4"]
[TimeControl "180+1"]
[Date "2023.08.08"]
[WhiteClock "0:00:21"]
[BlackClock "0:00:23"]
[Board "133"]

1. Nf3 d5 2. d4 Nf6 3. c4 c6 4. Nc3 dxc4 5. e4 b5 6. Be2 b4 7. Na4 Nxe4 8. Bxc4 Bb7 9. O-O e6 10. Ne5 Nd7 11. Qf3 Nxe5 12. dxe5 Nc5 13. Rd1 Qh4 14. Nxc5 Bxc5 15. Bf4 Rd8 16. Rxd8+ Qxd8 17. Rc1 O-O 18. h4 Bd4 19. Rd1 Qb6 20. Qg3 Rd8 21. Rd3 Bxb2 22. Bh6 g6 23. Qg5 Rxd3 24. Bxd3 Qc7 25. f4 Bd4+ 26. Kh2 Bc5 27. Qf6 Bf8 28. Bxf8 Kxf8 29. h5 gxh5 30. Bxh7 Ke8 31. Kh3 Qe7 32. Qh8+ Kd7 33. Be4 Kc7 34. Qxh5 a5 35. Qf3 Qf8 36. g4 Qh8+ 37. Kg3 Qd8 38. f5 exf5 39. gxf5 Qd4 40. Kf4 a4 41. f6 c5 42. Kf5 Qd7+ 43. Kg5 Bxe4 44. Qxe4 Qd4 45. Qxd4 cxd4 46. e6 b3 47. exf7 bxa2 48. f8=Q a1=Q 49. Qc5+ Kb7 50. Qb5+ Kc7 51. Qe5+ Kb7 52. f7 Qc1+ 53. Kf6 Qc6+ 54. Qe6 Qf3+ 55. Ke7 d3 56. f8=Q Qxf8+ 57. Kxf8 d2 58. Qd5+ Kb6 59. Qxd2 Kb5 60. Qa2 Kb4 61. Ke7 a3 62. Ke6 Kc3 63. Ke5 Kb4 64. Kd4 Ka4 65. Kc3 Ka5 66. Qxa3+ Kb5 67. Qb3+ Kc6 68. Qc4+ Kb7 69. Kd3 Ka8 70. Qb5 Ka7 71. Kc4 Ka8 72. Kc5 Ka7 73. Kc6 Ka8 74. Qb7# 1-0


[Site "https://www.chess.com"]

[Event "Titled Tuesday Blitz August 08 Late 2023"]
[White "Osmak, Yuliia"]
[Black "Garmendiarov"]
[WhiteFideId "14101602"]
[WhiteElo "2480"]
[BlackElo "2324"]
[Result "1-0"]
[Round "4"]
[TimeControl "180+1"]
[Date "2023.08.08"]
[WhiteClock "0:00:45"]
[BlackClock "0:00:01"]
[Board "134"]

1. e4 c5 2. Nf3 d6 3. d4 cxd4 4. Nxd4 Nf6 5. Nc3 a6 6. h3 e5 7. Nf3 Be7 8. Bc4 Be6 9. Bb3 Nbd7 10. Bxe6 fxe6 11. Ng5 Nf8 12. f4 exf4 13. Bxf4 h6 14. Nf3 Ng6 15. Bh2 Qb6 16. Qd3 O-O 17. O-O-O Rac8 18. e5 Nxe5 19. Nxe5 dxe5 20. Bxe5 Rfd8 21. Qg3 Qa5 22. Kb1 b5 23. Rxd8+ Bxd8 24. Ne4 Kf7 25. Nd6+ Ke7 26. Nxc8+ Kd7 27. Nd6 Be7 28. Rd1 Nd5 29. Qxg7 Kc6 30. Ne4 Nb4 31. Nc3 Bc5 32. Qd7+ Kb6 33. Qc7# 1-0


[Site "https://www.chess.com"]

[Event "Titled Tuesday Blitz August 08 Late 2023"]
[White "Gaal, Zsoka"]
[Black "Manon-og, Ramon Jr."]
[WhiteFideId "777765"]
[BlackFideId "5200776"]
[WhiteElo "2476"]
[BlackElo "2322"]
[Result "1-0"]
[Round "4"]
[TimeControl "180+1"]
[Date "2023.08.08"]
[WhiteClock "0:00:05"]
[BlackClock "0:00:14"]
[Board "135"]

1. Nf3 Nf6 2. g3 g6 3. b3 d5 4. Bb2 Bg7 5. Bg2 O-O 6. c4 c6 7. O-O Bf5 8. d3 Nbd7 9. Nbd2 Re8 10. Nh4 Bg4 11. h3 Be6 12. f4 Qb6+ 13. Kh2 Ng4+ 14. hxg4 Bxb2 15. Rb1 Bf6 16. f5 Ne5 17. fxe6 Nxg4+ 18. Kh3 Qd4 19. exf7+ Kxf7 20. Nhf3 Qe3 21. cxd5 cxd5 22. Kxg4 Qe6+ 23. Kf4 Kg7 24. g4 Be5+ 25. Nxe5 Rf8+ 26. Kg3 Qxe5+ 27. Kh3 Qe3+ 28. Rf3 Qh6+ 29. Kg3 g5 30. Qh1 Qd6+ 31. Kf2 e5 32. Qh5 h6 33. Rc1 e4 34. Rxf8 Rxf8+ 35. Kg1 e3 36. Nf3 Qa3 37. Rc7+ Kf6 38. Qxh6# 1-0


[Site "https://www.chess.com"]

[Event "Titled Tuesday Blitz August 08 Late 2023"]
[White "Cheng, Xiao"]
[Black "Lalanne, Pablo"]
[WhiteFideId "2022915"]
[BlackFideId "112151"]
[WhiteElo "2476"]
[BlackElo "2319"]
[Result "1-0"]
[Round "4"]
[TimeControl "180+1"]
[Date "2023.08.08"]
[WhiteClock "0:00:39"]
[BlackClock "0:00:00"]
[Board "136"]

1. e4 e5 2. Nf3 Nc6 3. Bc4 Bc5 4. O-O Nf6 5. Re1 O-O 6. c3 d6 7. d4 Bb6 8. h3 h6 9. Bb3 Re8 10. dxe5 dxe5 11. Qe2 Be6 12. Nbd2 Nh5 13. Nf1 Nf4 14. Bxf4 exf4 15. Rad1 Qf6 16. e5 Qe7 17. Qe4 Bxb3 18. axb3 Qc5 19. Qxf4 Qxf2+ 20. Kh2 Rad8 21. Rxd8 Nxd8 22. Qd2 Ne6 23. Qxf2 Bxf2 24. Re2 Bb6 25. Rd2 Kf8 26. Ng3 g6 27. Ne4 Ke7 28. Nf6 Rd8 29. Kg3 Rxd2 30. Nxd2 Nc5 31. Kf3 Nd3 32. Nc4 Nxe5+ 33. Nxe5 Kxf6 34. Ke4 Ke6 35. Nd3 f5+ 36. Kf3 g5 37. g4 c6 38. Nc1 Bc5 39. Ne2 Ke5 40. Ng3 fxg4+ 41. Kxg4 Be3 42. b4 b5 43. Kf3 Bc1 44. b3 Bb2 45. Ne4 1-0


[Site "https://www.chess.com"]

[Event "Titled Tuesday Blitz August 08 Late 2023"]
[White "Sala, Giulia"]
[Black "Garrido Outon, Alex"]
[WhiteFideId "2840451"]
[BlackFideId "24516279"]
[WhiteElo "2321"]
[BlackElo "2470"]
[Result "0-1"]
[Round "4"]
[TimeControl "180+1"]
[Date "2023.08.08"]
[WhiteClock "0:00:24"]
[BlackClock "0:00:23"]
[Board "137"]

1. f4 d5 2. Nf3 g6 3. b3 Bg7 4. Nc3 d4 5. Ne4 Nh6 6. Bb2 O-O 7. g3 b6 8. Bg2 Bb7 9. Nf2 c5 10. O-O Nd7 11. Kh1 Qc7 12. e4 dxe3 13. Bxg7 Kxg7 14. dxe3 e5 15. Qc1 Rfe8 16. Qb2 Nf5 17. Rfe1 Rad8 18. Nd3 Bxf3 19. Bxf3 Kg8 20. Bg2 h5 21. Rad1 exf4 22. exf4 h4 23. Be4 Nd6 24. Bf3 hxg3 25. hxg3 Nf5 26. Kg2 Ne3+ 27. Rxe3 Rxe3 28. Rh1 f6 29. Bd5+ Kg7 30. Qc1 Re2+ 31. Kf3 Rde8 32. f5 R8e3+ 33. Qxe3 Rxe3+ 34. Kxe3 Qxg3+ 35. Kd2 Ne5 36. fxg6 Nxd3 37. cxd3 Qf2+ 38. Kc1 Kxg6 39. b4 cxb4 40. Rh8 Qc5+ 41. Bc4 b5 42. Rg8+ Kh7 43. Rg4 bxc4 44. Rxc4 Qe3+ 45. Kc2 a5 46. Re4 Qf2+ 47. Kb3 Qd2 48. Rh4+ Kg6 49. d4 Qc3+ 50. Ka4 Qa3+ 51. Kb5 Qxa2 52. d5 Qxd5+ 53. Ka4 Qa2+ 54. Kb5 b3 55. Kc4 b2+ 56. Kc3 Qa3+ 57. Kc2 b1=Q+ 58. Kxb1 Qb4+ 59. Rxb4 axb4 60. Ka2 f5 61. Kb3 f4 62. Kxb4 f3 63. Kc3 f2 64. Kd2 f1=Q 65. Ke3 Kf5 66. Kd4 Qf3 67. Kc5 Qd3 68. Kb6 Qc4 69. Kb7 Qc5 70. Ka6 Qb4 71. Ka7 Qb5 72. Ka8 Ke6 73. Ka7 Kd7 74. Ka8 Kc7 75. Ka7 Qb7# 0-1


[Site "https://www.chess.com"]

[Event "Titled Tuesday Blitz August 08 Late 2023"]
[White "Lima, Kleyton Alcantara"]
[Black "Lopez Idarraga, Daniel Eduardo"]
[WhiteFideId "22718397"]
[BlackFideId "4405501"]
[WhiteElo "2466"]
[BlackElo "2316"]
[Result "0-1"]
[Round "4"]
[TimeControl "180+1"]
[Date "2023.08.08"]
[WhiteClock "0:00:47"]
[BlackClock "0:01:47"]
[Board "138"]

1. d4 d5 2. c4 dxc4 3. Nf3 Nf6 4. e3 e6 5. Bxc4 a6 6. a4 c5 7. O-O Nc6 8. dxc5 Bxc5 9. Qxd8+ Kxd8 10. b3 b6 11. Bb2 Bb7 12. Nc3 Ke7 13. Ne2 Rhd8 14. Rac1 Rac8 15. Ned4 Nxd4 16. Nxd4 Nd5 17. Rfd1 g6 18. Kf1 e5 19. Ne2 f6 20. Ng3 Nb4 21. e4 Nc6 22. Ne2 Na5 23. Nc3 Nxc4 24. bxc4 Bd4 25. f3 Rxc4 26. Ba3+ Ke6 27. Ne2 Rxa4 28. Nxd4+ Rdxd4 29. Bb2 Rxd1+ 30. Rxd1 Ra2 31. Bc3 a5 32. Rb1 Ba6+ 33. Kg1 b5 34. h4 b4 35. Be1 Bd3 36. Rd1 Bc2 37. Rd5 b3 38. Rb5 b2 39. Rb6+ Kd7 40. Rb7+ Kc6 0-1


[Site "https://www.chess.com"]

[Event "Titled Tuesday Blitz August 08 Late 2023"]
[White "UgarteCesar"]
[Black "Arnold, Ken"]
[BlackFideId "2056836"]
[WhiteElo "2311"]
[BlackElo "2465"]
[Result "1-0"]
[Round "4"]
[TimeControl "180+1"]
[Date "2023.08.08"]
[WhiteClock "0:00:36"]
[BlackClock "0:00:00"]
[Board "139"]

1. d4 d5 2. Bf4 e6 3. e3 Nf6 4. Nf3 Bd6 5. Bg3 h6 6. Bd3 a6 7. a4 b6 8. Nbd2 Bb7 9. Qe2 Nbd7 10. Ne5 Qe7 11. c3 c5 12. f4 c4 13. Bc2 b5 14. axb5 axb5 15. Rxa8+ Bxa8 16. O-O O-O 17. Bh4 Qe8 18. g4 Ne4 19. Nxe4 dxe4 20. Qg2 f5 21. g5 hxg5 22. Bxg5 Nxe5 23. dxe5 Bc5 24. Qg3 Qg6 25. Ra1 Bd5 26. Bd1 Ra8 27. Rxa8+ Bxa8 28. h4 Qe8 29. Bf6 Bf8 30. h5 Kh7 31. Bh4 Bd5 32. Qg5 b4 33. Kf2 bxc3 34. bxc3 Bc6 35. Be2 Bb5 36. Kg3 Qf7 37. Qd8 Bc5 38. Kf2 Be8 39. Bg5 Qd7 40. Qxd7 Bxd7 41. Bxc4 Ba3 42. Ke2 Bb2 43. Kd2 Be8 44. Bxe6 g6 45. hxg6+ Kxg6 46. Be7 Bc6 47. Bc5 Ba4 48. Bd4 Ba3 49. c4 Bb4+ 50. Bc3 Bc5 51. Bd5 1-0


[Site "https://www.chess.com"]

[Event "Titled Tuesday Blitz August 08 Late 2023"]
[White "Garakov, Mikhael"]
[Black "rionelG"]
[WhiteFideId "4169034"]
[WhiteElo "2465"]
[BlackElo "2309"]
[Result "1-0"]
[Round "4"]
[TimeControl "180+1"]
[Date "2023.08.08"]
[WhiteClock "0:01:36"]
[BlackClock "0:00:14"]
[Board "140"]

1. e4 c5 2. Nf3 d6 3. d4 cxd4 4. Nxd4 Nf6 5. Nc3 a6 6. f4 g6 7. Be2 Bg7 8. g4 Nfd7 9. Be3 Nc6 10. Nb3 b5 11. a3 Bb7 12. Bf3 Rc8 13. g5 h6 14. gxh6 Bxh6 15. Qd2 Nb6 16. Nd5 Nc4 17. Qc3 O-O 18. Bc1 Bg7 19. Qd3 Nxb2 20. Bxb2 Bxb2 21. Rb1 Bg7 22. O-O e6 23. Ne3 Qb6 24. Kh1 Nd4 25. Bg2 Nxb3 26. Rxb3 Rc7 27. f5 Rfc8 28. f6 Bh6 29. Ng4 Bg5 30. Qh3 Rxc2 31. Nh6+ Kf8 32. Nxf7 Kxf7 33. Qh7+ Kf8 34. Qg7+ Ke8 35. Qe7# 1-0


[Site "https://www.chess.com"]

[Event "Titled Tuesday Blitz August 08 Late 2023"]
[White "Zeman, Matyas"]
[Black "Cooper, Aaron"]
[WhiteFideId "364398"]
[BlackFideId "2634945"]
[WhiteElo "2463"]
[BlackElo "2301"]
[Result "1-0"]
[Round "4"]
[TimeControl "180+1"]
[Date "2023.08.08"]
[WhiteClock "0:00:18"]
[BlackClock "0:00:04"]
[Board "141"]

1. e4 d5 2. exd5 Qxd5 3. Nc3 Qd6 4. Bc4 Nf6 5. d3 a6 6. Nge2 b5 7. Bb3 e6 8. Bf4 Qb6 9. Ng3 Be7 10. Qe2 O-O 11. O-O Nc6 12. a3 Nd4 13. Qd2 Nxb3 14. cxb3 Bb7 15. b4 c5 16. Be3 Rfd8 17. Rac1 Qc6 18. Nce4 c4 19. Rfd1 Rxd3 20. Qxd3 cxd3 21. Rxc6 Bxc6 22. Nxf6+ Bxf6 23. Rxd3 Bxb2 24. Ne2 Bd5 25. Bd4 Bxd4 26. Rxd4 Rc8 27. f3 Rc2 28. Nf4 Rc4 29. Rxc4 Bxc4 30. h4 f6 31. Kf2 e5 32. Nh3 Kf7 33. Ke3 Ke6 34. Nf2 f5 35. f4 e4 36. Kd4 Bf1 37. g3 Kd6 38. Nd1 g6 39. Ne3 Be2 40. Nd5 Bf3 41. Nf6 Bh5 42. Nxh7 Bd1 43. Nf6 Bc2 44. Nd5 Bb3 45. Ne3 Bf7 46. h5 Ke6 47. h6 Kf6 48. g4 fxg4 49. Nxg4+ Kf5 50. h7 1-0


[Site "https://www.chess.com"]

[Event "Titled Tuesday Blitz August 08 Late 2023"]
[White "Rodriguez Santiago, Jaime"]
[Black "KrokerGuy"]
[WhiteFideId "3100898"]
[WhiteElo "2296"]
[BlackElo "2460"]
[Result "0-1"]
[Round "4"]
[TimeControl "180+1"]
[Date "2023.08.08"]
[WhiteClock "0:00:00"]
[BlackClock "0:00:05"]
[Board "142"]

1. d4 d5 2. c4 e6 3. Nc3 Nf6 4. cxd5 exd5 5. Bg5 Bb4 6. e3 h6 7. Bh4 g5 8. Bg3 Ne4 9. Ne2 h5 10. Qa4+ Nc6 11. f3 Bxc3+ 12. Nxc3 Nxg3 13. hxg3 Qd6 14. f4 Bg4 15. Be2 Bxe2 16. Nxe2 O-O-O 17. Rc1 Qb4+ 18. Qxb4 Nxb4 19. Kd2 f6 20. a3 Nc6 21. Rc5 Ne7 22. Rhc1 c6 23. b4 a6 24. a4 Kd7 25. b5 axb5 26. axb5 Ra8 27. R1c2 Ra3 28. Rb2 Kc7 29. Nc3 b6 30. bxc6 bxc5 31. Nb5+ Kxc6 32. Nxa3 cxd4 33. exd4 Nf5 34. fxg5 fxg5 35. Rc2+ Kd7 36. Kd3 Nxg3 37. Nb5 Ne4 38. Rc7+ Ke6 39. Rg7 Kf6 40. Rd7 Ke6 41. Rg7 Rb8 42. Nc7+ Kd6 43. Na6 Rb3+ 44. Kc2 Rc3+ 45. Kb2 Rg3 46. Rg6+ Ke7 47. Nc7 Rxg2+ 48. Kb3 Nf6 49. Rg7+ Kf8 50. Rg6 Kf7 51. Rh6 Kg7 0-1


[Site "https://www.chess.com"]

[Event "Titled Tuesday Blitz August 08 Late 2023"]
[White "Rabiega, Robert"]
[Black "Salazar Farias, Luis German"]
[WhiteFideId "4601475"]
[BlackFideId "3902170"]
[WhiteElo "2296"]
[BlackElo "2460"]
[Result "1-0"]
[Round "4"]
[TimeControl "180+1"]
[Date "2023.08.08"]
[WhiteClock "0:01:49"]
[BlackClock "0:00:03"]
[Board "143"]

1. e4 c6 2. d4 d5 3. Nd2 dxe4 4. Nxe4 Bf5 5. Ng3 Bg6 6. h4 h6 7. Nh3 Nf6 8. Nf4 Bh7 9. Bc4 e6 10. O-O Bd6 11. Re1 O-O 12. Qf3 Nbd7 13. c3 Nd5 14. Qg4 N7f6 15. Qf3 Nxf4 16. Bxf4 Bxf4 17. Qxf4 Nd5 18. Qg4 Qf6 19. Ne4 Qf4 20. Qxf4 Nxf4 21. g3 Bxe4 22. Rxe4 Nd5 23. Rae1 b5 24. Bd3 a5 25. Kg2 Rfd8 26. g4 Rd7 27. Kg3 Rad8 28. Bc2 Nb6 29. g5 hxg5 30. hxg5 Rd5 31. Rg4 g6 32. Rh1 Kf8 33. f4 Ke7 34. Rgh4 Nc4 35. Be4 R5d6 36. R1h2 a4 37. Rh7 Nb6 38. Bxg6 Nd5 39. Rxf7+ Ke8 40. Rh8# 1-0


[Site "https://www.chess.com"]

[Event "Titled Tuesday Blitz August 08 Late 2023"]
[White "Ward, Ieuan C"]
[Black "ChessSG1"]
[WhiteFideId "406627"]
[WhiteElo "2259"]
[BlackElo "2459"]
[Result "0-1"]
[Round "4"]
[TimeControl "180+1"]
[Date "2023.08.08"]
[WhiteClock "0:01:31"]
[BlackClock "0:01:52"]
[Board "144"]

1. e4 c5 2. Nf3 e6 3. d4 cxd4 4. c3 Nf6 5. e5 Nd5 6. cxd4 d6 7. Nc3 Nxc3 8. bxc3 Qc7 9. Bd2 Nd7 10. exd6 Bxd6 11. Bd3 b6 12. O-O Bb7 13. h3 O-O 14. Rc1 Nf6 15. Re1 Bf4 16. Ne5 Bxd2 17. Qxd2 Rfd8 18. Qe2 Qd6 19. a4 Rac8 20. Ng4 Nxg4 21. Qxg4 Qa3 22. c4 Qxd3 0-1


[Site "https://www.chess.com"]

[Event "Titled Tuesday Blitz August 08 Late 2023"]
[White "Vovk, Orest"]
[Black "Krasteva, Beloslava"]
[WhiteFideId "14113490"]
[BlackFideId "2922029"]
[WhiteElo "2458"]
[BlackElo "2249"]
[Result "1-0"]
[Round "4"]
[TimeControl "180+1"]
[Date "2023.08.08"]
[WhiteClock "0:00:58"]
[BlackClock "0:00:00"]
[Board "145"]

1. g4 d5 2. h3 e5 3. Bg2 c6 4. d4 e4 5. c4 h5 6. Nc3 hxg4 7. cxd5 cxd5 8. Qb3 Nf6 9. Bg5 gxh3 10. Bxf6 gxf6 11. Bxh3 Nc6 12. Bd7+ Qxd7 13. Rxh8 Nxd4 14. Qxd5 Nc2+ 15. Kf1 Nxa1 16. Qxe4+ Qe6 17. Qb4 Qe7 18. Qb5+ Qd7 19. Qc5 Qe7 20. Qb5+ Bd7 21. Qxb7 Rd8 22. Nd5 Qd6 23. Nc7+ Ke7 24. Qe4+ Be6 25. Nxe6 Qxe6 26. Qb1 Qc4 27. Rh3 Qc2 28. Re3+ Kd7 29. Qxa1 Bc5 30. Rd3+ Ke8 31. Rxd8+ Kxd8 32. Nf3 1-0


[Site "https://www.chess.com"]

[Event "Titled Tuesday Blitz August 08 Late 2023"]
[White "Delorme, Axel"]
[Black "Vaglio Munoz, Jaime"]
[WhiteFideId "632023"]
[BlackFideId "6500145"]
[WhiteElo "2458"]
[BlackElo "2244"]
[Result "1-0"]
[Round "4"]
[TimeControl "180+1"]
[Date "2023.08.08"]
[WhiteClock "0:00:45"]
[BlackClock "0:00:08"]
[Board "146"]

1. e4 c5 2. Nf3 Qa5 3. Nc3 a6 4. g3 b5 5. Bg2 Bb7 6. d3 b4 7. Nd5 e6 8. Ne3 Nf6 9. O-O Be7 10. e5 Nd5 11. Nc4 Qc7 12. Bg5 O-O 13. Bxe7 Nxe7 14. Nd6 Bd5 15. c4 bxc3 16. bxc3 Ng6 17. c4 Bc6 18. Qe2 f6 19. d4 cxd4 20. c5 fxe5 21. Nxe5 Nxe5 22. Qxe5 Bxg2 23. Kxg2 Nc6 24. Qe4 e5 25. Rab1 Rab8 26. Qd5+ Kh8 27. Rxb8 Qxb8 28. Nf7+ Rxf7 29. Qxf7 Qd8 30. Rb1 h6 31. Rb7 Nb8 32. c6 Nxc6 33. Rxd7 Qg8 34. Qg6 Nb8 35. Re7 Qd5+ 36. Kg1 Nd7 37. Re8+ Qg8 38. Rxg8+ Kxg8 39. Qe6+ Kf8 40. Qxd7 g6 41. Qd6+ Kf7 42. Qxe5 d3 43. Qd5+ Kf6 44. Qxd3 Kg5 45. Qxa6 Kg4 46. Qxg6+ Kh3 47. Qh5# 1-0


[Site "https://www.chess.com"]

[Event "Titled Tuesday Blitz August 08 Late 2023"]
[White "Kohler, Aran"]
[Black "Prithu Gupta"]
[WhiteFideId "1002856"]
[BlackFideId "46618546"]
[WhiteElo "2255"]
[BlackElo "2454"]
[Result "1/2-1/2"]
[Round "4"]
[TimeControl "180+1"]
[Date "2023.08.08"]
[WhiteClock "0:00:10"]
[BlackClock "0:00:06"]
[Board "147"]

1. d4 Nf6 2. Nf3 d5 3. Bg5 e6 4. Nbd2 Be7 5. c3 O-O 6. e3 c5 7. Bd3 b6 8. h4 Ba6 9. Bc2 Nbd7 10. Ne5 Nxe5 11. dxe5 Nd7 12. Qh5 g6 13. Qh6 Nxe5 14. Bxe7 Qxe7 15. O-O-O Nd3+ 16. Bxd3 Bxd3 17. Nf3 Bf5 18. h5 f6 19. hxg6 Bxg6 20. Nh4 Qg7 21. Nxg6 hxg6 22. Qh3 Kf7 23. Qg3 g5 24. e4 d4 25. cxd4 cxd4 26. Rxd4 Kg6 27. f4 Qc7+ 28. Kb1 Qxf4 29. Qd3 Rh8 30. e5+ Qf5 31. Qxf5+ Kxf5 32. Re1 fxe5 33. Rde4 Rh6 34. g4+ Kf6 35. Rxe5 Re8 36. a4 Rh4 37. R5e4 Rh3 38. Rf1+ Kg6 39. Rfe1 Kf7 40. Rf1+ Ke7 41. Rfe1 Rh6 42. a5 bxa5 43. Re5 Kd6 44. Rxa5 Rh2 45. Rxa7 Rb8 46. Ra6+ Kc5 47. Ra2 Kd5 48. Ra5+ Kd4 49. Ra2 e5 50. Ra4+ Kd3 51. Ra3+ Kd2 52. Rc1 Rbh8 53. Rc2+ Kd1 54. Rd3+ Ke1 55. Re3+ Kf1 56. Rxh2 Rxh2 57. Rxe5 Rd2 58. Rxg5 Kf2 59. Rg8 Kf3 60. g5 Kf4 61. g6 Kf5 62. g7 Kf6 63. Ka2 Kf7 64. Rc8 Kxg7 65. Ka3 Kf7 66. b4 Ke7 67. b5 Kd7 68. Rc6 Rd4 69. Kb3 Re4 70. Kc3 Rg4 71. Kb3 Rh4 72. Rc3 Rg4 73. b6 Rg6 74. Rc7+ Kd8 75. Rb7 Kc8 76. Rc7+ Kb8 77. Rc4 Rxb6+ 78. Rb4 Rxb4+ 79. Kxb4 1/2-1/2


[Site "https://www.chess.com"]

[Event "Titled Tuesday Blitz August 08 Late 2023"]
[White "whiteglovethief"]
[Black "De Souza, Cristiano Gomes"]
[BlackFideId "2151758"]
[WhiteElo "2446"]
[BlackElo "2237"]
[Result "1-0"]
[Round "4"]
[TimeControl "180+1"]
[Date "2023.08.08"]
[WhiteClock "0:01:21"]
[BlackClock "0:00:58"]
[Board "148"]

1. d4 Nf6 2. c4 g6 3. Nc3 Bg7 4. g3 d6 5. Bg2 O-O 6. h3 Nc6 7. Nf3 Bf5 8. O-O Ne4 9. g4 Nxc3 10. bxc3 Be4 11. Re1 e5 12. e3 exd4 13. cxd4 d5 14. Nd2 Bxg2 15. Kxg2 dxc4 16. Bb2 a6 17. Qf3 Qd7 18. Nxc4 b5 19. Ne5 Nxe5 20. dxe5 Qe6 21. Rac1 Bxe5 22. Rc6 Qe7 23. Bxe5 Qxe5 24. Rec1 Rfc8 25. Rxc7 Rxc7 26. Qxa8+ Kg7 27. Rxc7 Qxc7 28. Qxa6 Qc4 29. Qa8 b4 30. e4 b3 31. axb3 Qxb3 32. Qd5 Qxd5 33. exd5 Kf6 34. f4 g5 35. Kf3 h6 36. fxg5+ hxg5 37. Ke4 Ke7 38. Ke5 f6+ 39. Kf5 Kd6 40. Kxf6 Kxd5 41. Kxg5 1-0


[Site "https://www.chess.com"]